 Dungeon Crawl Stone Soup version 0.20-a0-1122-gb7cbeb9 (webtiles) character file.

93 wolfsongas the Chopper (level 4, -2/35 HPs)
             Began as a Demonspawn Fighter on May 15, 2017.
             Slain by a gnoll
             ... wielding a +0 halberd of venom
              (15 damage)
             ... on level 2 of the Dungeon.
             The game lasted 00:03:26 (1702 turns).

wolfsongas the Chopper (Demonspawn Fighter)         Turns: 1702, Time: 00:03:26

Health: -2/35      AC:  5    Str: 22    XL:     4   Next: 36%
Magic:  4/4        EV: 10    Int:  9    God:
Gold:   119        SH:  0    Dex: 13    Spells: 3/3 levels left

rFire    . . .     SeeInvis .   a - +0 war axe
rCold    . . .     Gourm    .   (no shield)
rNeg     . . .     Faith    .   i - +0 ring mail
rPois    .         Spirit   .   (no helmet)
rElec    .         Reflect  .   j - scarf {cloud immunity}
rCorr    .         Harm     .   (no gloves)
MR       .....                  (no boots)
Stlth    +.........             (no amulet)
Regen    0.2/turn               (no ring)
MPRegen  0.1/turn               (no ring)

@: mighty, flying
A: powered by pain 2
a: no special abilities


You were on level 2 of the Dungeon.
You were very full.

You visited 1 branch of the dungeon, and saw 2 of its levels.

You collected 119 gold pieces.

Inventory:

Hand Weapons
 a - a +0 war axe (weapon)
Armour
 c - a +1 shield
 i - a +0 ring mail (worn)
 j - a scarf of cloud immunity (worn)
Scrolls
 e - a scroll of remove curse
Comestibles
 f - a bread ration
 h - a meat ration


   Skills:
 - Level 3.0 Fighting
 * Level 4.2 Axes
 - Level 2.6 Armour
 - Level 2.6 Shields


You had 3 spell levels left.
You didn't know any spells.

Dungeon Overview and Level Annotations

Branches:
Dungeon (2/15)

Altars:
Nemelex Xobeh

Annotations:
D:2 Natasha


Innate Abilities, Weirdness & Mutations

You sometimes gain power by taking damage.


Message History

The gnoll is wielding a halberd of venom.
A gnoll comes into view. It is wielding a flail.
The gnoll shouts!
The goblin hits you but does no damage.
Found 23 sling bullets.
There is an open door here.
You slash the bat!
You kill the bat!
You completely miss the goblin. The goblin hits you.
You barely miss the goblin. The goblin hits you but does no damage.
The gnoll hits you but does no damage. The goblin hits you.
You closely miss the gnoll. You hit the goblin.
You kill the goblin!
Natasha casts a spell.
The gnoll closely misses you.
The gnoll hits you from afar with a halberd!
You focus on the pain.
You feel very mighty all of a sudden.
The gnoll hits you from afar with a halberd of venom!
You die...

#. #.# #.§§§§
......#.#######.###§§§§§
...............>.##.§§§§
........#..####.###§§§§§
.....5.#.........#######
.......#.........#≈.....
....ggh#.........#######
#...gg#.........####§##
#.....@.........###§§§#
#....##.........##§§§§§
#... #.........###§§§#
#.( #.........####§## #.
#.........####### #
#.........#######
#..............##
#...........)....
#....)..(......##


You could see Natasha, 4 gnolls and a shadow imp.

Vanquished Creatures
  Natasha (twice) (D:2)
  A gnoll (D:1)
  3 leopard geckos
  A ball python (D:1)
  4 bats
  5 goblins
  2 hobgoblins (D:1)
  3 jackals (D:1)
  4 kobolds
  A frilled lizard (D:2)
  6 rats
32 creatures vanquished.

Notes
Turn   | Place    | Note
-------+----------+-------------------------------------------
     0 | D:1      | wolfsongas the Demonspawn Fighter began the quest for the Orb.
     0 | D:1      | Reached XP level 1. HP: 18/18 MP: 1/1
    48 | D:1      | Reached skill level 2 in Axes
    48 | D:1      | Gained mutation: You sometimes gain a little power by taking damage. [demonic ancestry]
    48 | D:1      | Reached XP level 2. HP: 11/24 MP: 2/2
   646 | D:1      | Reached skill level 3 in Axes
   817 | D:1      | Reached XP level 3. HP: 26/29 MP: 3/3
  1087 | D:2      | Noticed Natasha
  1095 | D:2      | Killed Natasha
  1314 | D:2      | Noticed Natasha
  1321 | D:2      | Killed Natasha
  1321 | D:2      | Reached skill level 4 in Axes
  1321 | D:2      | Gained mutation: You sometimes gain power by taking damage. [demonic ancestry]
  1321 | D:2      | Reached XP level 4. HP: 11/35 MP: 4/4
  1637 | D:2      | Found a sparkling altar of Nemelex Xobeh.
  1698 | D:2      | Noticed Natasha
  1702 | D:2      | Slain by a gnoll

Vault maps used:
D:1:      lightli_arrival_boilingwater
D:2:      nemelex_altar_shiori, uniq_natasha

Skill      XL: |  1  2  3 |
---------------+----------+-----
Axes           | 2 3 4 |  4.2
Fighting       | |  3.0
Armour         | |  2.6
Shields        | |  2.6

Action                   |  1- 3 |  4- 6 || total
-------------------------+-------+-------++-------
Melee: War axe           |   104 |     6 ||   110
  Use: Scroll            |     4 |     1 ||     5
       Potion            |     2 |     1 ||     3
  Eat: Chunk             |     1 |     1 ||     2
       Royal jelly       |       |     2 ||     2
       Bread ration      |       |     1 ||     1
Armor: Scale mail        |    60 |       ||    60
       Ring mail         |    12 |     5 ||    17
Dodge: Dodged            |    74 |     3 ||    77
